 Dungeon Crawl Stone Soup version 0.28.0-53-g5a82cb258f (webtiles) character file.

Game seed: 4504853110994203029

300 quixfox the Chopper (level 6, 0/56 HPs)
             Began as a Hill Orc Fighter on July 9, 2022.
             Slain by a mummy (6 damage)
             ... in an ossuary.
             The game lasted 00:05:40 (3617 turns).

quixfox the Chopper (Hill Orc Fighter)              Turns: 3617, Time: 00:05:41

Health: 0/56       AC: 10    Str: 21    XL:     6   Next: 36%
Magic:  6/6        EV:  7    Int:  8    God:
Gold:   1314       SH:  4    Dex: 10    Spells: 5/5 levels left

rFire   . . .      SeeInvis .   a - +0 war axe
rCold   . . .      Faith    .   c - +0 buckler
rNeg    . . .      Spirit   .   i - +0 chain mail
rPois   .          Reflect  .   h - +0 helmet
rElec   .          Harm     .   (no cloak)
rCorr   .          Rampage  .   (no gloves)
Will    .....                   (no boots)
Stlth   ..........              (no amulet)
HPRegen 0.18/turn               (no ring)
MPRegen 0.10/turn               (no ring)

@: mighty
A: no striking features
a: no special abilities


You were in an ossuary.
You visited 1 branch of the dungeon, and saw 4 of its levels.
You also visited: Ossuary.

You collected 1314 gold pieces.

Inventory:

Hand Weapons
 a - a +0 war axe (weapon)
Armour
 c - a +0 buckler (worn)
 h - a +0 helmet (worn)
 i - a +0 chain mail (worn)
Scrolls
 g - 3 scrolls of immolation
Potions
 b - a potion of mutation {unknown}
 j - a potion of cancellation {unknown}
 l - a potion of heal wounds {unknown}


   Skills:
 + Level 5.1 Fighting
 * Level 6.4 Axes
 + Level 4.6 Armour
 - Level 3.2 Shields


You had 5 spell levels left.
You didn't know any spells.
Your spell library was empty.

Dungeon Overview and Level Annotations

Branches:
Dungeon (4/15)            Ossuary (1/1)
 Temple: D:4-7

Altars:
Cheibriados

Shops:
D:2 :


Message History

You slash Menkaure!
Menkaure is moderately damaged.
Menkaure hits you! x2
You slash Menkaure!
Menkaure is almost destroyed.
You block Menkaure's attack.
A rat skeleton comes into view.
You barely miss Menkaure.
Menkaure is almost destroyed.
Menkaure hits you!
* * * LOW HITPOINT WARNING * * *
Menkaure casts a spell at you. Pain shoots through your body!
* * * LOW HITPOINT WARNING * * *
You slash Menkaure!
You destroy Menkaure!
Your Fighting skill increases to level 5!
Your Axes skill increases to level 6!
You have reached level 6!
You slash the orc skeleton!
You destroy the orc skeleton!
You slice the rat skeleton!!
You destroy the rat skeleton! 2 mummies, a gnoll zombie, an orc skeleton and a rat skeleton come into view.
Found six items.
Found two gates leading back out of this place.
The rat skeleton bites you but does no damage.
There is a large open door here.
You slice the mummy!!
You destroy the mummy!
You slash the rat skeleton!
You destroy the rat skeleton!
You slice the orc skeleton!!
You destroy the orc skeleton!
You slice the gnoll zombie!!
You destroy the gnoll zombie!
You slash the mummy!
The mummy is severely damaged.
The mummy hits you.
You die...

#..##..##..####..##..##..##
..##.^##..##?!##..##..##..##
.##..##..##?.?!##..##..##..##
##..##..## .??.?##..##^.##..##
#..##..## !∩∩!Z.##..##..##..##
..##..## .??....##..##..##..##
.##..## ..?M....##..##..##..##
##..##############''##..##..##..#
#...............@M...##..##..##..
########################..##..##.
...........................##..##
##############################..#
.................................
#################################


You could see a mummy.

Vanquished Creatures
  Menkaure (Ossuary)
  2 mummies (Ossuary)
  3 adders
  5 worms (D:2)
  A dart slug (D:3)
  2 orcs
  4 bats
  11 endoplasms
  A giant cockroach (D:2)
  7 gnoll zombies (Ossuary)
  5 goblins
  3 hobgoblins
  2 jackals (D:1)
  4 quokkas
  8 ball pythons
  2 frilled lizards
  4 gnoll skeletons (Ossuary)
  A goblin skeleton (Ossuary)
  2 goblin zombies (Ossuary)
  6 hobgoblin skeletons (Ossuary)
  7 hobgoblin zombies
  A jackal zombie (D:4)
  8 kobolds
  4 kobold skeletons (Ossuary)
  5 kobold zombies (Ossuary)
  4 orc skeletons (Ossuary)
  5 orc zombies
  10 rats
  6 rat skeletons (Ossuary)
  A rat zombie (Ossuary)
125 creatures vanquished.

Notes
Turn   | Place    | Note
-------+----------+-------------------------------------------
     0 | D:1      | quixfox the Hill Orc Fighter began the quest for the Orb.
     0 | D:1      | Reached XP level 1. HP: 19/19 MP: 1/1
   188 | D:1      | Reached skill level 3 in Axes
   278 | D:1      | Reached XP level 2. HP: 27/27 MP: 2/2
   636 | D:1      | Found a faded altar of an unknown god.
   940 | D:1      | Reached XP level 3. HP: 32/33 MP: 3/3
  1210 | D:2      | Found Xuell's Book Boutique.
  1221 | D:2      | Reached skill level 4 in Axes
  2098 | D:2      | Reached XP level 4. HP: 40/40 MP: 4/4
  2391 | D:3      | Found a snail-covered altar of Cheibriados.
  2918 | D:4      | Reached skill level 5 in Axes
  2923 | D:4      | Identified a scroll of acquirement
  2923 | D:4      | Acquired 1214 gold pieces
  3048 | D:4      | Found a sand-covered staircase.
  3063 | D:4      | Reached XP level 5. HP: 46/47 MP: 5/5
  3069 | Ossuary  | Entered an ossuary
  3594 | Ossuary  | Noticed Menkaure
  3603 | Ossuary  | Killed Menkaure
  3604 | Ossuary  | Reached skill level 5 in Fighting
  3604 | Ossuary  | Reached skill level 6 in Axes
  3604 | Ossuary  | Reached XP level 6. HP: 4/56 MP: 6/6
  3617 | Ossuary  | Slain by a mummy

Illustrated notes

Levels and vault maps discovered:
D:1:      dpeg_arrival_line_fractal, layout_basic,
          shapermc_ecumenical_altar_notcrosses
D:2:      layout_loops_corners, serial_shops, nicolae_shop_waterfront,
          st_stairs_3, kennysheep_generic_room_15
D:3:      layout_rooms, overflow_temple_1_default
D:4:      layout_rooms, enter_ossuary_3, uniq_blork_the_orc
Ossuary:  ossuary_due_pyramid

Skill      XL: |  1  2  3  4  5 |
---------------+----------------+-----
Axes           | 3 4 5 6 |  6.4
Fighting       | 4 5 |  5.1
Armour         | 4 |  4.6
Shields        | |  3.2

Action                   |  1- 3 |  4- 6 || total
-------------------------+-------+-------++-------
Melee: War axe           |   147 |   171 ||   318
  Use: Scroll            |       |     5 ||     5
       Potion            |       |     1 ||     1
 Stab: Distracted        |       |     1 ||     1
Armor: Scale mail        |    35 |       ||    35
       Chain mail        |    46 |    75 ||   121
Dodge: Dodged            |    56 |    42 ||    98
Block: Buckler           |    31 |    25 ||    56
